Map: Terraform LE (Void)

Players

GSUZ

  • Race: Terran Terran
  • League: Master

DestroyBoy - Winner!

  • Race: Terran Terran
  • League: Platinum

VOD

Have the link to the VOD?

Description

Time

  • Played on: Sept. 2, 2015, 3:39 a.m.
  • Length: 13:28
Show
View Real Time Build Order
Export as new Build Order

GSUZ Terran 

Build Orders: 1/1/1, Mech 

Get SALT Encoding   

  12  0:01  SCV  
  13  0:13  SCV  
  14  0:18  Supply Depot  
  14  0:25  SCV  
  15  0:30  Refinery  
  15  0:39  SCV  
  15  0:40  Refinery  
  16  0:52  Barracks  
  16  0:57  SCV  
  17  1:09  SCV  
  18  1:15  Supply Depot  
  18  1:21  SCV  
  19  1:33  SCV  
  20  1:40  Factory  
  20  1:43  Marine  
  21  1:47  SCV  
  22  1:59  SCV  
  23  2:01  Supply Depot  
  23  2:05  Marine  
  24  2:11  SCV  
  25  2:24  SCV  
  25  2:25  Starport  
  25  2:28  Marine  
  27  2:35  Factory Tech Lab  
  27  2:36  SCV  
  28  2:46  Marine  
  28  2:48  SCV  
  30  2:59  Supply Depot, Siege Tank  
  33  3:09  SCV  
  33  3:12  Viking  
  36  3:15  Barracks Reactor  
  36  3:21  SCV  
  37  3:36  Siege Tank  
  37  3:39  SCV  
  41  3:42  Viking  
  43  3:49  Supply Depot  
  43  3:52  SCV  
  44  4:11  Command Center  
  44  4:18  SCV  
  45  4:26  Viking  
  45  4:27  Viking  
  49  4:32  SCV  
  50  4:38  Supply Depot  
  50  4:43  Siege Tank  
  53  4:46  SCV  
  54  4:57  Engineering Bay  
  54  5:00  Bunker  
  54  5:13  Viking  
  54  5:14  Viking  
  56  5:22  SCV  
  57  5:33  Bunker  
  57  5:40  Siege Tank  
  60  5:43  Viking  
  60  5:47  Supply Depot, SCV  
  59  6:12  Siege Tank  
  58  6:26  SCV x2  
  58  6:28  Refinery  
  58  6:30  Refinery  
  60  6:33  Factory  
  60  6:34  Factory  
  60  6:37  Viking  
  60  6:38  SCV x2  
  64  6:44  Siege Tank  
  67  6:50  SCV x2  
  69  6:57  Barracks Reactor  
  69  7:03  SCV, Armory  
  69  7:04  SCV  
  71  7:12  Bunker  
  71  7:25  Siege Tank  
  71  7:26  Factory Reactor  
  71  7:27  Factory Tech Lab  
  71  7:28  Factory  
  74  7:30  SCV x2  
  74  7:33  Viking  
  78  7:42  SCV  
  79  7:44  Medivac  
  79  7:48  Supply Depot, SCV  
  82  7:52  Terran Vehicle Weapons Level 1  
  82  7:54  Supply Depot  
  82  7:55  SCV  
  83  8:05  Engineering Bay  
  83  8:07  Siege Tank  
  83  8:12  Orbital Command  
  87  8:15  Orbital Command  
  87  8:19  Viking  
  88  8:24  Viking  
  90  8:32  Hellion x2  
  94  8:37  Hellion x2  
  98  8:51  Hellbat x2  
  102  9:07  Supply Depot  
  102  9:08  Supply Depot  
  104  9:10  Hellion  
  104  9:11  Hellbat  
  104  9:14  Command Center  
  100  9:27  Siege Tank  
  96  9:51  Factory Tech Lab x2  
  92  9:59  Siege Tank  
  72  10:21  SCV x2  
  73  10:33  SCV  
  77  10:35  Siege Tank x2  
  77  10:42  Factory Tech Lab  
  80  10:46  SCV x2  
  81  10:51  Engineering Bay  
  81  11:02  Factory Tech Lab  
  81  11:07  Siege Tank  
  84  11:12  Hellion  
  84  11:13  Factory Reactor  
  84  11:16  Supply Depot  
  85  11:29  Hellbat  
  84  11:33  Hellion  
  84  11:39  Factory  
  88  11:40  Hellbat  
  88  11:42  Supply Depot  
  80  11:50  Siege Tank  
  80  11:51  Hellion x2  
  87  11:57  Siege Tank  
  90  12:05  Siege Tank  
  93  12:23  Siege Tank  
  93  12:27  Hellbat  
  93  12:29  Hellbat  
  100  12:41  Hellbat  
  100  12:43  Siege Tank  
Show
View Real Time Build Order
Export as new Build Order

DestroyBoy Terran - Winner!

Build Orders: MMM Bio, Siege Tank Drop 

Get SALT Encoding   

  12  0:01  SCV  
  13  0:13  SCV  
  14  0:20  Supply Depot  
  14  0:25  SCV  
  15  0:37  Refinery  
  15  0:42  SCV  
  16  0:48  Barracks  
  16  0:54  SCV  
  17  1:06  SCV  
  19  1:18  SCV  
  19  1:35  SCV  
  19  1:37  Refinery  
  19  1:38  Factory, Marine  
  21  2:00  Command Center  
  21  2:01  SCV  
  22  2:03  Reaper  
  23  2:10  Supply Depot  
  23  2:18  Refinery  
  23  2:23  Factory Tech Lab  
  23  2:32  SCV  
  24  2:43  Marine  
  25  2:44  SCV  
  26  2:51  Starport  
  26  2:56  SCV  
  27  3:00  Supply Depot  
  27  3:11  SCV  
  28  3:14  Siege Tank, Marine  
  28  3:19  SCV  
  33  3:33  Medivac  
  33  3:34  Marine  
  36  3:37  Orbital Command  
  36  3:41  SCV  
  36  4:04  Viking, Barracks  
  36  4:05  Factory Reactor  
  36  4:07  SCV x2  
  40  4:20  SCV  
  40  4:21  SCV  
  42  4:24  Stimpack, Marine  
  43  4:33  SCV x2  
  43  4:35  Supply Depot  
  45  4:42  Supply Depot  
  45  4:45  SCV x2  
  47  4:48  Medivac  
  48  5:06  Factory Tech Lab  
  48  5:13  SCV  
  48  5:14  Marauder  
  42  5:21  Marine x2  
  43  5:35  Siege Tank, Marauder  
  45  5:38  SCV, Marine  
  45  5:39  SCV, Marine  
  52  5:56  Marauder, Marine x2  
  56  6:08  Siege Tank  
  56  6:14  Marine x2  
  56  6:17  SCV  
  56  6:28  Combat Shields  
  56  6:34  SCV x2  
  58  6:46  SCV  
  62  6:47  Siege Tank  
  62  6:54  Marine x2  
  62  6:58  SCV  
  65  7:32  SCV  
  65  7:33  Marauder, Marine  
  65  7:36  Orbital Command, Marine  
  70  7:37  Medivac  
  70  7:38  Refinery, Siege Tank  
  70  7:40  Supply Depot x2  
  74  7:50  SCV, Marine  
  76  7:57  Marauder  
  78  8:02  Marine  
  78  8:03  SCV x2  
  81  8:08  Marine  
  82  8:17  Siege Tank  
  82  8:19  Starport Reactor  
  85  8:20  Concussive Shells, Marauder  
  85  8:21  Marine  
  85  8:26  Marine  
  89  8:32  Supply Depot  
  89  8:34  SCV x2  
  91  8:35  Supply Depot  
  91  8:41  Refinery  
  91  8:43  Supply Depot, Barracks x2  
  91  8:45  Bunker, Marine x3  
  91  8:46  SCV  
  95  8:53  Supply Depot  
  95  8:54  Supply Depot  
  95  9:03  Marine x2  
  95  9:04  Marauder  
  99  9:21  Marine  
  97  9:32  SCV x2, Marine  
  97  9:33  Marauder  
  96  9:51  Marine x4  
  93  9:54  Marauder  
  94  10:01  SCV x2  
  96  10:09  Marine x2  
  97  10:15  SCV x2, Marine x2  
  97  10:16  Medivac, Siege Tank, Marauder  
  101  10:26  Marine  
  101  10:27  SCV x2  
  104  10:32  Command Center  
  99  10:46  Marine x2  
  99  10:47  Marauder, Marine x2  
  99  10:48  Engineering Bay  
  105  10:50  Engineering Bay  
  103  11:04  Marine  
  103  11:10  SCV x2  
  103  11:20  Marine  
  103  11:21  Marauder, Marine x2  
  103  11:22  SCV x2, Marine  
  111  11:29  Medivac  
  113  11:34  SCV  
  113  11:38  Marine x2  
  113  11:39  Marine  
  114  11:42  Marauder  
  116  11:47  Marine  
  116  11:48  Medivac  
  116  11:53  SCV  
  120  11:54  Planetary Fortress  
  120  11:56  Marine  
  120  11:58  Medivac  
  123  12:01  Refinery  
  123  12:03  Refinery  
  123  12:12  Barracks Reactor  
  123  12:13  Armory, Barracks Tech Lab  
  121  12:25  Armory  
  121  12:34  Marine x3  
  121  12:35  Medivac, Siege Tank, Marauder  
  128  12:52  Marine x2  
  128  12:53  Marauder  
  128  12:55  Marine  
  128  12:58  Command Center  
  133  12:59  Marine x2  
  137  13:10  Marine x2  
Tags
 
Add a new tag
Caveats
  • Supply blocks, unpowered buildings, or Contaminate may cause inaccurate times.
  • Supply counts are checked every 10 seconds.